AoeStats
← GreatPerson25

Oasis

509290873Analyzed
4v4 RM · 5d ago on Sep 26, 2026· 35m 1s· 8 players
Game mode
Random Map
Map size
Large (8 player)
Population
200
Speed
Normal
Resources
Standard
Victory
Conquest
Starting age
Dark Age
Ending age
Imperial Age
RankedLock teamsTeams togetherTeam positionsShared explorationLock speedFull tech treeHidden civsTurbo modeCheats
Victory
Defeat
🇨🇦 Saxons · Canada
1432
+9
🇷🇺 Tatars · Russia
1405
+10
🇬🇧 Franks · United Kingdom
1385
+11
🇭🇰 Maya · Hong Kong SAR China
1314
+14
🇺🇸 Saracens · United States
1450
-17
🇺🇸 Romans · United States
1413
-16
🇺🇸 Britons · United States
1131
-6
🇺🇸 Persians · United States
1093
-5
Birdlovingasian
7:05 Loom
9:41 Feudal Age
10:56 Double-Bit Axe
12:59 Fletching
17:25 Padded Archer Armor
25:56 Castle Age
23:53 Horse Collar
25:46 Gold Mining
26:58 Bodkin Arrow
26:39 Crossbowman
27:27 Thumb Ring
30:15 Bow Saw
31:51 Ballistics
32:27 Leather Archer Armor
35:55 Gold Shaft Mining
Soul Ledger
11:11 Feudal Age
12:02 Loom
15:45 Castle Age
13:33 Double-Bit Axe
16:57 Husbandry
19:50 Gold Mining
21:02 Scale Barding Armor
26:11 Forging
29:58 Bow Saw
30:29 Caravan
36:04 Wheelbarrow
Landau
6:49 Loom
9:07 Feudal Age
10:19 Double-Bit Axe
11:21 Horse Collar
16:38 Scale Barding Armor
19:24 Wheelbarrow
19:22 Bloodlines
20:40 Forging
25:38 Castle Age
25:14 Gold Mining
26:22 Husbandry
25:47 Light Cavalry
29:00 Heavy Plow
29:13 Bow Saw
30:34 Chain Barding Armor
35:49 Iron Casting
Just for fun
0:27 Loom
9:41 Feudal Age
11:42 Fletching
12:17 Padded Archer Armor
16:57 Town Watch
24:34 Horse Collar
28:34 Double-Bit Axe
32:42 Castle Age
31:27 Gold Mining
32:52 Crossbowman
33:39 Thumb Ring
33:32 Bodkin Arrow
33:53 Leather Archer Armor
GreatPerson25
6:16 Loom
8:51 Feudal Age
9:56 Double-Bit Axe
13:36 Fletching
21:59 Gold Mining
28:22 Castle Age
29:05 Bodkin Arrow
28:31 Crossbowman
30:09 Bow Saw
Lando_Nico
6:39 Loom
9:24 Feudal Age
13:06 Double-Bit Axe
13:03 Horse Collar
14:04 Horse Collar
14:45 Fletching
16:08 Padded Archer Armor
26:21 Castle Age
26:25 Crossbowman
27:03 Bodkin Arrow
28:37 Horse Collar
29:12 Bow Saw
30:45 Wheelbarrow
30:32 Horse Collar
31:34 Ballistics
32:21 Hand Cart
31:56 Town Watch
32:36 Leather Archer Armor
Dr. Pipe
7:54 Loom
9:49 Feudal Age
10:32 Double-Bit Axe
13:40 Scale Barding Armor
18:51 Forging
19:34 Horse Collar
22:16 Castle Age
21:08 Bloodlines
23:05 Husbandry
23:29 Bow Saw
22:55 Light Cavalry
24:27 Heavy Plow
24:25 Loom
25:17 Iron Casting
27:10 Wheelbarrow
29:05 Squires
30:20 Gold Mining
31:30 Scale Mail Armor
32:14 Hand Cart
31:34 Pikeman
Jonyboi
5:02 Loom
7:02 Loom
10:08 Feudal Age
14:13 Bloodlines
14:19 Bloodlines
14:36 Town Watch
18:59 Forging
20:14 Scale Barding Armor
22:31 Horse Collar
22:38 Double-Bit Axe
26:38 Wheelbarrow
30:31 Castle Age
28:50 Gold Mining
31:15 Husbandry
32:10 Iron Casting
33:11 Hand Cart
34:51 Gold Shaft Mining
Connection lost

Rejoining the realm…

Still unreachable

The connection could not be restored.

Session expired

The server has moved on; the page needs a fresh start.